 Dungeon Crawl Stone Soup version 0.14.2 (webtiles) character file.

249479 Faulk the Warrior (level 19, 0/165 HPs)
             Began as a Demonspawn Gladiator on May 6, 2014.
             Was a High Priest of Okawaru.
             Slain by the 27-headed Lernaean hydra (1 damage)
             ... on Level 3 of the Swamp on Dec 4, 2014.
             The game lasted 07:01:35 (64523 turns).

Faulk the Warrior (Demonspawn Gladiator)           Turns: 64523, Time: 07:01:36

HP   0/165       AC 32     Str 24      XL: 19   Next: 23%
MP  32/32        EV 23     Int 12      God: Okawaru [*****.]
Gold 1648        SH 26     Dex 17      Spells:  5 memorised,  8 levels left

rFire  + + .     SeeInvis +     T - +11,+6 trident of Dishonour {elec, rPois rF++ Dex+4 SInv}
rCold  + . .     Rnd*Rage +     q - +6 ring mail of Kedwug {rC+ MR+ Acc+3}
rNeg   + . .     Conserve +     W - +0 shield
rPois  +         rCorr    .     c - +2 helmet
rElec  .         rRot     +     g - +2 cloak of Udghuoqu {Str+2 Acc+3}
SustAb . .       Spirit   .     J - +2 pair of gloves {Str+3}
rMut   .         Warding  .     (boots unavailable)
Saprov + . .     Stasis   .     u - amulet of conservation
MR     ++...                    j - ring of poison resistance
                                V - +5 ring of evasion

@: very resistant to hostile enchantments, extremely unstealthy
A: talons 3, rough black scales 3, berserk 1, blink 1, demonic guardian 1, foul
stench 1, life protection 1, saprovore 1
a: Blink, Heroism, Finesse, Renounce Religion
}: 1/15 runes: serpentine


You were on level 3 of the Swamp.
You worshipped Okawaru.
Okawaru was extremely pleased with you.
You were not hungry.

You visited 6 branches of the dungeon, and saw 38 of its levels.
You visited the Abyss 1 time.
You visited 1 bazaar.
You also visited: Sewer and Bailey.

You collected 5483 gold pieces.
You spent 3835 gold pieces at shops.


Innate Abilities, Weirdness & Mutations

You have claws for feet.
You are completely covered in rough black scales (AC +10, Dex -3).
A weak demonic guardian rushes to your aid.
You emit a foul stench, and are resistant to rotting and decay.
You resist negative energy.
You can tolerate rotten meat.
You tend to lose your temper in combat.
You can translocate small distances at will.


   Skills:
 + Level 18.6 Fighting
 - Level 15.6 Axes
 + Level 11.5 Polearms
 - Level 1.7 Throwing
 - Level 7.3 Armour
 - Level 11.9 Dodging
 + Level 9.9 Shields
 - Level 2.0 Conjurations
 - Level 6.5 Charms
 - Level 5.1 Summonings
 - Level 4.5 Translocations
 - Level 2.4 Air Magic
 - Level 6.0 Poison Magic
 - Level 10.6 Invocations


You had 8 spell levels left.
You knew the following spells:

 Your Spells              Type           Power        Failure   Level  Hunger
b - Blink                 Tloc           N/A          17%         2    ###....
d - Repel Missiles        Chrm/Air       ##....       17%         2    ###....
w - Abjuration            Summ           ##........   24%         3    ####...
z - Sting                 Conj/Pois      #...         14%         1    ##.....
Z - Cure Poison           Pois           ##........   10%         2    ###....

Inventory:

Hand weapons
 D - a +3,+6 battleaxe of freezing
 H - a +4,+0 broad axe of draining
 N - the +9,+6 lance "Wyrmbane" {slay drac, +Rage rPois rF+ AC+5}
   (You bought it in a shop on level 4 of the Orcish Mines)

   This legendary weapon is deadly to all dragonkind.
   It affects your AC (+5).
   It protects you from fire.
   It protects you from poison.
   It lets you go berserk.
 R - the +6,+7 sling "Vianin" {venom, Int+1 Stlth--, unknown}
   (Okawaru gifted it to you on level 5 of the Snake Pit)

   It poisons the ammo it fires.
   It affects your intelligence (+1).
   It makes you much less stealthy.
 T - the +11,+6 trident of Dishonour (weapon) {elec, rPois rF++ Dex+4 SInv}
   (You found it on level 3 of the Snake Pit)

   Occasionally, upon striking a foe, it will discharge some electrical energy
   and cause terrible harm.
   It affects your dexterity (+4).
   It greatly protects you from fire.
   It protects you from poison.
   It enhances your eyesight.
Missiles
 p - 46 tomahawks of returning (quivered)
Armour
 c - a +2 helmet (worn)
 g - the +2 cloak of Udghuoqu (worn) {Str+2 Acc+3}
   (You found it on level 8 of the Lair of Beasts)

   It affects your strength (+2).
   It affects your accuracy with ranged weapons and melee attacks (+3).
 q - the +6 ring mail of Kedwug (worn) {rC+ MR+ Acc+3}
   (You bought it in a shop in a bazaar)

   It affects your accuracy with ranged weapons and melee attacks (+3).
   It protects you from cold.
   It affects your resistance to hostile enchantments.
 J - a +2 pair of gloves of strength (worn)
 W - a +0 shield (worn)
 X - the +7 ring mail "Ifong" {rF- rC+ Str+2 Dex+4}
   (You found it on level 8 of the Lair of Beasts)

   It affects your strength (+2).
   It affects your dexterity (+4).
   It makes you vulnerable to fire.
   It protects you from cold.
Magical devices
 d - a wand of confusion (10)
 e - a wand of cold (2)
 i - a wand of cold (9)
 k - a wand of disintegration (7)
 n - a wand of fire (2)
 s - a wand of paralysis (11)
 v - a wand of enslavement (6)
 x - a wand of invisibility (4)
 y - a wand of frost (3)
 C - a wand of polymorph (14)
 K - a wand of disintegration (9)
 P - a wand of confusion (18)
Comestibles
 f - 18 bread rations
 t - 2 meat rations
Scrolls
 w - a scroll of immolation {!r}
 I - a scroll of identify
 Q - a scroll of remove curse
 Y - a scroll of fog
Jewellery
 a - an uncursed ring of protection from cold
 h - an uncursed ring of flight
 j - a ring of poison resistance (right hand)
 r - an uncursed amulet of warding
 u - an amulet of conservation (around neck)
 B - an uncursed ring of protection from fire
 M - an uncursed amulet of guardian spirit
 V - a +5 ring of evasion (left hand)
Potions
 A - 5 potions of curing
 E - a potion of berserk rage
 F - a potion of flight
 L - 4 potions of agility
Miscellaneous
 b - a lantern of shadows
 l - a phial of floods
 z - a plain deck of changes {drawn: 1}
 G - a lamp of fire

Dungeon Overview and Level Annotations

Branches:
Dungeon (15/15)            Temple (0/1) D:5             Orc (4/4) D:10
    Elf (1/3) Orc:3          Lair (8/8) D:8           Swamp (5/5) Lair:6
  Snake (5/5) Lair:4        Slime (0/6) Lair:6       Vaults (0/5) D:14
 Depths (0/5) D:15

Altars:
Cheibriados
Dithmenos
Fedhas
Makhleb
Okawaru
Sif Muna
Zin
The Shining One
Jiyva

Shops:
D:5 :   D:8 :   Orc:1 (   Orc:2 ?   Orc:3 [   Orc:4 ([*:   Snake:2 [

Portals:
Trove: D:14 (give +2 gold dragon armour)

Annotations:
D:13 exclusion: ice statue
Swamp:3 Lernaean hydra
Swamp:5 Kirke
Snake:2 exclusion: upstairs
Snake:3 Mara
Snake:4 exclusion: ice statue

·≈·≈·♣·♣≈≈≈≈·≈≈≈··≈·≈≈≈♣···≈··≈≈≈
♣≈·≈≈♣≈≈·≈≈≈≈#≈≈#···≈≈≈···≈≈··≈♣≈
··≈≈·≈≈≈≈·≈≈·≈≈≈≈≈♣···≈·≈P≈≈≈≈#≈≈
▒▒▒≈▒≈≈≈≈·≈≈·≈≈≈≈≈≈·≈≈≈≈≈····≈(≈♣
···≈≈≈≈≈≈·≈≈≈≈··≈···≈≈≈≈≈≈·♣·····
··≈≈·≈·≈≈·≈≈≈≈≈≈≈≈≈·≈≈≈≈···♣♣♣♣·≈
···≈·≈≈≈≈≈≈·≈≈≈··≈≈≈≈≈·♣·♣♣♣♣♣♣♣·
·♣≈≈···≈≈≈♣·≈≈··D≈≈≈≈≈·······♣♣♣·
·♣♣···≈≈≈≈··≈≈≈♣6≈·≈≈#····≈≈≈·≈≈·
·♣♣···▒·≈≈≈≈≈≈≈≈·≈··≈≈≈·····≈≈♣≈≈
·♣♣·······≈≈≈≈≈··≈≈·♣·≈···≈≈≈#≈≈·
≈≈··≈·▒·≈≈♣≈≈≈≈·#≈≈·≈····≈≈#≈≈···
≈≈≈#··▒·≈≈·····≈·≈≈≈≈≈≈♣≈≈·≈≈≈≈··
······▒≈♣≈≈≈·≈♣≈··≈≈·≈≈≈·≈≈≈≈≈≈≈♣
≈·▒·······≈·≈≈≈·≈≈≈≈···≈≈····≈·≈≈
≈·▒······≈·≈≈·≈···[··≈≈≈≈·≈≈·≈··≈
≈·▒···········≈≈≈≈≈≈·≈≈≈≈[≈≈≈≈·≈·


You could see the 27-headed Lernaean hydra.


Message History

The 27-headed Lernaean hydra bites you.
* * * LOW HITPOINT WARNING * * *
The 27-headed Lernaean hydra completely misses you.
The 27-headed Lernaean hydra bites you but does no damage.
A mysterious force pulls you upwards. The hatch slams shut behind you.
Unknown command.
Unknown command.
You enter the shallow water.
Moving in this stuff is going to be slow.
The 27-headed Lernaean hydra misses you.
The 27-headed Lernaean hydra bites you.
* * * LOW HITPOINT WARNING * * *
The 27-headed Lernaean hydra bites you.
* * * LOW HITPOINT WARNING * * *
You emit a cloud of foul miasma!
The 27-headed Lernaean hydra completely misses you.
The 27-headed Lernaean hydra bites you.
* * * LOW HITPOINT WARNING * * *
You block the 27-headed Lernaean hydra's attack.
The 27-headed Lernaean hydra bites you but does no damage.
The 27-headed Lernaean hydra bites you.
* * * LOW HITPOINT WARNING * * *
The 27-headed Lernaean hydra bites you but does no damage.
The 27-headed Lernaean hydra completely misses you.
The 27-headed Lernaean hydra closely misses you.
The 27-headed Lernaean hydra bites you but does no damage.
You block the 27-headed Lernaean hydra's attack.
The 27-headed Lernaean hydra bites you but does no damage. x2
The 27-headed Lernaean hydra bites you.
You die...

Action                   |  1- 3 |  4- 6 |  7- 9 | 10-12 | 13-15 | 16-18 | 19-21 || total
-------------------------+-------+-------+-------+-------+-------+-------+-------++-------
Melee: Trident           |    95 |       |       |       |    19 |  1370 |   167 ||  1651
       Hand axe          |     5 |   209 |   362 |       |       |       |       ||   576
       War axe           |       |       |   136 |   208 |       |       |       ||   344
       Broad axe         |       |       |       |   254 |       |       |       ||   254
       Battleaxe         |       |       |       |   344 |  1385 |   979 |       ||  2708
       Quick blade       |       |       |       |       |   118 |    51 |       ||   169
       Lajatang          |       |       |       |       |     2 |       |       ||     2
Throw: Tomahawk          |       |       |    14 |       |     3 |    52 |       ||    69
 Cast: Sting             |       |       |       |       |    10 |       |       ||    10
       Blink             |       |       |       |       |     2 |       |       ||     2
       Repel Missiles    |       |       |       |       |     1 |    13 |       ||    14
       Cure Poison       |       |       |       |       |     1 |     3 |       ||     4
Invok: Heroism           |       |       |       |     6 |    15 |    12 |     1 ||    34
       Finesse           |       |       |       |     2 |     5 |     5 |     1 ||    13
 Abil: Blink             |       |       |       |       |       |     7 |     2 ||     9
Evoke: Wand              |       |       |     5 |     6 |     8 |     8 |     1 ||    28
       Deck              |       |       |       |       |    11 |     1 |       ||    12
       Phial of floods   |       |       |       |       |       |     1 |       ||     1
  Use: Scroll            |     5 |     4 |     2 |    10 |    24 |    31 |     1 ||    77
       Potion            |     3 |       |     9 |    12 |     7 |    16 |       ||    47
 Stab: Sleeping          |     1 |       |       |       |       |       |       ||     1
       Distracted        |       |       |     4 |     8 |    15 |    12 |     1 ||    40
       Invisible         |       |       |       |     2 |       |       |       ||     2

Vault maps used:
D:1:      lemuel_arrival_behind_the_door_small, st_stairs_4,
          minmay_misc_feat_tower
D:2:      first_bread, okawaru_ov_weapons_minmay
D:3:      old_standard_altar, portal_sewer_entry_d, uniq_sigmund
D:4:      uniq_grinder, uniq_edmund, uniq_iyjb
D:5:      serial_park_square1, beetle_altar_2, fedhas_altar_3,
          minmay_temple_entry_overgrown, serial_shops, nicolae_shop_statue_plus,
          uniq_blork_the_orc
D:8:      minmay_lair_entry_lava, serial_shops,
          nicolae_shop_competitors_out_of_business, grunt_ogre_cave, uniq_grum
D:9:      lemuel_flame_loot_2, grunt_dithmenos_smoke, moated_statue,
          minmay_misc_feat_rows
D:10:     erik_orc_1
D:12:     forest_paths, uniq_nessos
D:13:     lemuel_ice_statue, spider_trap, uniq_harold
D:14:     david_vaults_1, enter_trove_0, minmay_misc_feat_room
D:15:     gammafunk_enter_depths_forms
Orc:1:    serial_shops, shop, basic_altar
Orc:2:    serial_shops, nicolae_shop_statue_plus, enter_bailey_2, uniq_nergalle,
          uniq_erica
Orc:3:    serial_shops, nicolae_shop_crystal, nicolae_orc_pool_cavern
Orc:4:    serial_shops, bzr_entry_road, st_orc_congregation, mines4_lemuel,
          uniq_urug
Elf:1:    grunt_megastairs_3
Lair:2:   infiniplex_staircase_pool_2
Lair:3:   uniq_prince_ribbit2, uniq_rupert
Lair:4:   minmay_snake_entry_six_corridors, special_room,
          lemuel_strawberry_fields
Lair:5:   enter_volcano_1
Lair:6:   minmay_swamp_entry_worms, slime_altar_1, ldierk_geyser
Lair:7:   basic_altar, lemuel_fruit_tree
Lair:8:   due_jungle_book, portal_ice_cave_entry_animals_and_master,
          minivault_26
Swamp:1:  basic_altar, swamp_pool3
Swamp:2:  evilmike_swamp_ruin_rubble_2
Swamp:3:  serial_swamp_ruin, evilmike_swamp_ruin_house_4,
          evilmike_swamp_ruin_house_6
Swamp:4:  evilmike_swamp_ruin_house_5, infiniplex_staircase_pool
Swamp:5:  swamp_old_school, uniq_kirke
Snake:1:  uniq_frances, uniq_asterion
Snake:2:  serial_shops, nicolae_shop_trees
Snake:3:  grunt_megastairs_2, uniq_mara, uniq_aizul, uniq_wiglaf, uniq_vashnia
Snake:4:  statue_in_the_mist_lemuel
Snake:5:  grunt_snake_rune_serpentine_throne, uniq_norris
Bazaar:   grunt_bazaar_doublecross
Sewer:    sewer_frog_island_02
Bailey:   bailey_axe_1, bailey

Notes
Turn   | Place    | Note
--------------------------------------------------------------
     0 | D:1      | Faulk, the Demonspawn Gladiator, began the quest for the Orb.
     0 | D:1      | Reached XP level 1. HP: 16/16 MP: 1/1
    91 | D:1      | Reached skill level 3 in Polearms
    91 | D:1      | Gained mutation: You have sharp toenails. [demonic ancestry]
    91 | D:1      | Reached XP level 2. HP: 20/22 MP: 2/2
   140 | D:1      | Reached skill level 3 in Dodging
   522 | D:1      | Gained mutation: A weak demonic guardian rushes to your aid. [demonic ancestry]
   522 | D:1      | Reached XP level 3. HP: 24/27 MP: 3/3
   595 | D:1      | Reached skill level 1 in Armour
  1108 | D:2      | Found an iron altar of Okawaru.
  1123 | D:2      | Became a worshipper of Warmaster Okawaru
  1177 | D:2      | Gained mutation: You have razor-sharp toenails. [demonic ancestry]
  1177 | D:2      | Reached XP level 4. HP: 31/34 MP: 4/4
  1419 | D:3      | Noticed Sigmund
  1455 | D:3      | Reached skill level 1 in Axes
  1568 | D:3      | Found a glowing drain.
  1586 | Sewer    | Entered a sewer
  1596 | Sewer    | Reached skill level 2 in Axes
  1702 | Sewer    | Gained mutation: You have claws for feet. [demonic ancestry]
  1702 | Sewer    | Reached XP level 5. HP: 40/40 MP: 5/5
  1709 | Sewer    | Reached skill level 2 in Armour
  1716 | Sewer    | Reached skill level 3 in Fighting
  1897 | Sewer    | Reached skill level 3 in Axes
  1969 | Sewer    | Reached XP level 6. HP: 44/47 MP: 6/6
  1979 | Sewer    | Noticed a giant frog
  1982 | Sewer    | Noticed a giant frog
  1986 | Sewer    | Killed a giant frog
  1989 | Sewer    | Killed a giant frog
  1989 | Sewer    | Acquired Okawaru's first power
  1989 | Sewer    | Reached skill level 4 in Fighting
  1989 | Sewer    | Reached skill level 3 in Armour
  2307 | D:3      | Reached skill level 4 in Axes
  2458 | D:3      | Found a glowing golden altar of the Shining One.
  2474 | D:3      | Gained mutation: You are partially covered in rough black scales (AC +4, Dex -1). [demonic ancestry]
  2474 | D:3      | Reached XP level 7. HP: 55/55 MP: 7/7
  2706 | D:3      | Killed Sigmund
  3406 | D:4      | Noticed Edmund
  3425 | D:4      | Reached skill level 5 in Fighting
  3425 | D:4      | Reached skill level 4 in Armour
  3453 | D:4      | Killed Edmund
  3704 | D:4      | Reached skill level 5 in Axes
  3946 | D:4      | Noticed Grinder
  3964 | D:4      | Paralysed by Grinder for 3 turns
  3973 | D:4      | Killed Grinder
  3973 | D:4      | Reached XP level 8. HP: 37/64 MP: 8/8
  4112 | D:4      | Noticed Ijyb
  4140 | D:4      | Killed Ijyb
  4205 | D:4      | Paralysed by a giant eyeball for 3 turns
  4254 | D:5      | Entered Level 5 of the Dungeon
  4411 | D:5      | Found a blossoming altar of Fedhas.
  4414 | D:5      | Reached skill level 6 in Fighting
  4510 | D:5      | Reached skill level 5 in Armour
  4520 | D:5      | Gained mutation: Your magical capacity is low (-10% MP). [mutagenic meat]
  4565 | D:5      | Noticed Blork the orc
  4577 | D:5      | Killed Blork the orc
  4629 | D:5      | Found Blyumaga's Book Shop.
  4758 | D:5      | Found a glowing silver altar of Zin.
  4945 | D:5      | Found a staircase to the Ecumenical Temple.
  5008 | D:5      | Found a snail-covered altar of Cheibriados.
  5274 | D:5      | Reached skill level 6 in Axes
  5849 | D:6      | Reached skill level 7 in Fighting
  5849 | D:6      | Gained mutation: You are mostly covered in rough black scales (AC +7, Dex -2). [demonic ancestry]
  5849 | D:6      | Reached XP level 9. HP: 37/72 MP: 8/8
  5853 | D:6      | Reached skill level 1 in Shields
  6441 | D:6      | Reached skill level 2 in Shields
  6848 | D:7      | Reached skill level 7 in Axes
  6993 | D:7      | Paralysed by a giant eyeball for 2 turns
  6997 | D:7      | Reached skill level 3 in Shields
  7002 | D:7      | Paralysed by a giant eyeball for 3 turns
  7298 | D:7      | Reached skill level 8 in Fighting
  7595 | D:7      | Gained mutation: You are weak. (Str -2) [potion of mutation]
  7595 | D:7      | Gained mutation: You are frail (-10% HP). [potion of mutation]
  7596 | D:7      | Lost mutation: You are weak. (Str -2) [potion of cure mutation]
  7596 | D:7      | Lost mutation: Your magical capacity is low (-10% MP). [potion of cure mutation]
  7596 | D:7      | Lost mutation: You are frail (-10% HP). [potion of cure mutation]
  7711 | D:8      | Found a staircase to the Lair.
  7711 | D:8      | Noticed a fire drake
  7723 | D:8      | Killed a fire drake
  7723 | D:8      | Reached skill level 4 in Shields
  8013 | D:8      | Noticed Grum
  8023 | D:8      | Killed Grum
  8027 | D:8      | Acquired Okawaru's second power
  8027 | D:8      | Reached XP level 10. HP: 59/82 MP: 10/10
  8379 | D:8      | Reached skill level 8 in Axes
  8546 | D:8      | Reached skill level 9 in Fighting
  8585 | D:8      | Found Pnealiopi's Book Emporium.
  8690 | Lair:1   | Entered Level 1 of the Lair of Beasts
  8787 | Lair:1   | Reached skill level 5 in Shields
  9448 | Lair:1   | Reached skill level 6 in Armour
 10074 | Lair:2   | Noticed an elephant
 10074 | Lair:2   | Noticed an elephant
 10074 | Lair:2   | Noticed an elephant
 10074 | Lair:2   | Noticed an elephant
 10145 | Lair:1   | Reached skill level 9 in Axes
 10147 | Lair:1   | Received a gift from Okawaru
 10150 | Lair:1   | Got an iridescent broad axe {god gift}
 10152 | Lair:1   | Identified the +0,-3 broad axe "Tweinn" {vamp, *Rage rF+ rC++ Stlth-} (Okawaru gifted it to you on level 1 of the Lair of Beasts)
 10623 | Lair:1   | Killed an elephant
 10623 | Lair:1   | Reached skill level 10 in Fighting
 10634 | Lair:1   | Gained mutation: You are completely covered in rough black scales (AC +10, Dex -3). [demonic ancestry]
 10634 | Lair:1   | Reached XP level 11. HP: 90/90 MP: 11/11
 10684 | Lair:1   | Killed an elephant
 10802 | Lair:1   | Killed an elephant
 11208 | Lair:2   | Killed an elephant
 11208 | Lair:2   | Reached skill level 7 in Armour
 11799 | Lair:2   | Received a gift from Okawaru
 11822 | Lair:2   | Reached skill level 1 in Invocations
 11925 | Lair:2   | Reached skill level 2 in Invocations
 11988 | Lair:3   | Noticed Prince Ribbit
 12198 | Lair:3   | Reached skill level 3 in Invocations
 12201 | Lair:3   | Reached skill level 10 in Axes
 12213 | Lair:3   | Killed Prince Ribbit
 12213 | Lair:3   | Reached skill level 11 in Fighting
 12226 | Lair:3   | Reached skill level 4 in Invocations
 12451 | Lair:3   | Noticed Rupert
 12489 | Lair:3   | Killed Rupert
 12489 | Lair:3   | Received a gift from Okawaru
 12489 | Lair:3   | Reached skill level 5 in Invocations
 12519 | Lair:3   | Got a brightly glowing cloak {god gift}
 12522 | Lair:3   | Identified the -4 cloak "Phyul" {Acc+3 Dam-4} (Okawaru gifted it to you on level 3 of the Lair of Beasts)
 12744 | Lair:3   | Reached skill level 6 in Invocations
 12744 | Lair:3   | Reached XP level 12. HP: 77/100 MP: 16/22
 13485 | Lair:3   | Paralysed by a potion of paralysis for 4 turns
 13489 | Lair:3   | Gained mutation: You have a slow metabolism. [potion of beneficial mutation]
 13566 | Lair:4   | Reached skill level 7 in Invocations
 14280 | Lair:4   | Reached skill level 11 in Axes
 14479 | Lair:4   | Reached skill level 12 in Fighting
 14482 | Lair:4   | Reached skill level 8 in Invocations
 14577 | Lair:4   | Reached skill level 9 in Invocations
 14579 | Lair:4   | Received a gift from Okawaru
 14928 | Lair:4   | Found a staircase to the Snake Pit.
 15447 | Lair:5   | Noticed an eight-headed hydra
 15506 | Lair:4   | Reached skill level 10 in Invocations
 15757 | Lair:5   | an eight-headed hydra changed into a death yak
 15766 | Lair:5   | Gained mutation: You can tolerate rotten meat. [demonic ancestry]
 15766 | Lair:5   | Reached XP level 13. HP: 99/109 MP: 24/27
 16685 | Lair:6   | Found a staircase to the Swamp.
 17066 | Lair:6   | Found a staircase to the Slime Pits.
 17070 | Lair:6   | Found a viscous altar of Jiyva.
 17074 | Lair:6   | Reached skill level 13 in Fighting
 17689 | D:8      | Bought a book of Minor Magic for 260 gold pieces
 17861 | Lair:3   | Learned a level 2 spell: Blink
 17864 | Lair:3   | Learned a level 2 spell: Repel Missiles
 17867 | Lair:3   | Learned a level 2 spell: Cure Poison
 17869 | Lair:3   | Learned a level 1 spell: Sting
 17873 | Lair:3   | Learned a level 3 spell: Abjuration
 18244 | Lair:7   | Found a deep blue altar of Sif Muna.
 18300 | Lair:7   | Reached skill level 1 in Conjurations
 18300 | Lair:7   | Reached skill level 1 in Poison Magic
 18453 | Lair:7   | Reached skill level 12 in Axes
 18481 | Lair:7   | Received a gift from Okawaru
 19512 | Lair:7   | Reached skill level 2 in Conjurations
 19512 | Lair:7   | Reached skill level 2 in Poison Magic
 19632 | Lair:7   | Reached skill level 4 in Dodging
 19642 | Lair:7   | Reached skill level 3 in Poison Magic
 20302 | Lair:8   | Entered Level 8 of the Lair of Beasts
 20331 | Lair:7   | Received a gift from Okawaru
 20554 | Lair:8   | Reached skill level 4 in Poison Magic
 20563 | Lair:8   | Reached skill level 5 in Dodging
 20798 | Lair:8   | Received a gift from Okawaru
 20959 | Lair:8   | Reached XP level 14. HP: 60/119 MP: 22/28
 21448 | Lair:8   | Reached skill level 5 in Poison Magic
 22567 | Lair:8   | Received a gift from Okawaru
 22567 | Lair:8   | Reached skill level 14 in Fighting
 22832 | Lair:8   | Gained mutation: Your muscles are strong. (Str +2) [potion of beneficial mutation]
 22868 | Lair:8   | Reached skill level 6 in Dodging
 23759 | Lair:8   | Got a steaming cloak
 23761 | Lair:8   | Got a smoking ring mail
 24056 | D:9      | Reached skill level 6 in Poison Magic
 24349 | D:9      | Found a shadowy altar of Dithmenos.
 25525 | D:10     | Entered Level 10 of the Dungeon
 25586 | D:10     | Reached skill level 13 in Axes
 25586 | D:10     | Reached skill level 1 in Translocations
 25733 | Lair:3   | Identified the +7 ring mail "Ifong" {rF- rC+ Str+2 Dex+4} (You found it on level 8 of the Lair of Beasts)
 25947 | D:10     | Received a gift from Okawaru
 26158 | D:10     | Found a staircase to the Orcish Mines.
 26511 | D:11     | Reached skill level 2 in Translocations
 26635 | D:11     | Reached skill level 7 in Dodging
 27284 | Lair:3   | Identified the +2 cloak of Udghuoqu {Str+2 Acc+3} (You found it on level 8 of the Lair of Beasts)
 27351 | Snake:1  | Entered Level 1 of the Snake Pit
 27471 | Snake:1  | Received a gift from Okawaru
 27629 | Snake:1  | Reached skill level 3 in Translocations
 27644 | Snake:1  | Gained mutation: Your body is slowly deteriorating. [mutagenic meat]
 27645 | Snake:1  | Gained mutation: You have a pair of small horns on your head. [mutagenic meat]
 27647 | Snake:1  | Gained mutation: You are dopey. (Int -2) [mutagenic meat]
 27650 | Snake:1  | Lost mutation: You have a pair of small horns on your head. [potion of cure mutation]
 27650 | Snake:1  | Lost mutation: You are dopey. (Int -2) [potion of cure mutation]
 27650 | Snake:1  | Lost mutation: You have a slow metabolism. [potion of cure mutation]
 27650 | Snake:1  | Lost mutation: Your body is slowly deteriorating. [potion of cure mutation]
 27650 | Snake:1  | Lost mutation: Your muscles are strong. (Str +2) [potion of cure mutation]
 27805 | Snake:1  | Noticed Frances
 28161 | Swamp:1  | Entered Level 1 of the Swamp
 28238 | Swamp:1  | Cast into the Abyss (a distortion unwield)
 28333 | Swamp:1  | Escaped the Abyss
 28962 | Swamp:1  | Found a glowing golden altar of the Shining One.
 29060 | Swamp:1  | Reached XP level 15. HP: 117/127 MP: 26/29
 29094 | Swamp:1  | Received a gift from Okawaru
 29098 | Swamp:1  | Got an ebony sling {god gift}
 29099 | Swamp:1  | Identified the +10,+0 sling of Aptazuic {flame, rF+ MR+ Str+3 Int+3} (Okawaru gifted it to you on level 1 of the Swamp)
 29327 | Swamp:2  | Reached skill level 4 in Translocations
 29379 | Swamp:2  | Reached skill level 8 in Dodging
 29992 | Swamp:2  | Noticed a thorn hunter
 30015 | Swamp:2  | Killed a thorn hunter
 31070 | Swamp:3  | Reached skill level 15 in Fighting
 31343 | Swamp:3  | Reached skill level 1 in Air Magic
 32016 | Swamp:3  | Noticed a thorn hunter
 32029 | Swamp:3  | Killed a thorn hunter
 32417 | Swamp:3  | Reached skill level 2 in Air Magic
 33235 | Swamp:4  | Received a gift from Okawaru
 33236 | Swamp:4  | Got a distressingly furry robe {god gift}
 33248 | Swamp:4  | Identified the +3 robe "Xipeopto" {+Inv rN+ Str+2 Dex-2} (Okawaru gifted it to you on level 4 of the Swamp)
 34209 | Swamp:4  | Reached skill level 1 in Charms
 34403 | Swamp:4  | Reached skill level 9 in Dodging
 34456 | Swamp:4  | Reached skill level 14 in Axes
 35034 | Swamp:4  | Reached skill level 2 in Charms
 35149 | Swamp:4  | Noticed a tentacled monstrosity
 35570 | Snake:1  | Killed Frances
 35868 | Snake:1  | Reached skill level 3 in Charms
 36049 | Snake:1  | Got a jewelled long sword
 36070 | Snake:1  | Noticed Asterion
 36071 | Snake:1  | Noticed a spectral weapon
 36110 | Snake:1  | Noticed a spectral weapon
 36545 | Snake:2  | Gained mutation: You resist negative energy. [demonic ancestry]
 36545 | Snake:2  | Reached XP level 16. HP: 121/136 MP: 25/29
 36745 | Snake:2  | Received a gift from Okawaru
 36780 | Snake:2  | Found Lemafirchu's Armour Shoppe.
 37048 | Snake:3  | Reached skill level 4 in Charms
 37151 | Snake:3  | Gained mutation: You can translocate small distances at will. [mutagenic meat]
 37152 | Snake:3  | Gained mutation: You tend to lose your temper in combat. [mutagenic meat]
 37312 | Snake:3  | Noticed Vashnia
 37564 | Snake:3  | Noticed Wiglaf
 37795 | Snake:3  | Killed Vashnia
 38325 | Swamp:5  | Entered Level 5 of the Swamp
 38406 | Swamp:5  | Reached skill level 10 in Dodging
 38541 | Swamp:5  | Noticed Kirke
 39177 | Swamp:4  | Killed a tentacled monstrosity
 39177 | Swamp:4  | Reached skill level 16 in Fighting
 39177 | Swamp:4  | Reached skill level 5 in Charms
 40538 | Swamp:5  | Noticed the 27-headed Lernaean hydra
 40964 | Swamp:4  | Reached skill level 6 in Charms
 41121 | Swamp:4  | Identified the +5,+6 long sword of Famine {flame, rF+ Int+3} (You found it on level 1 of the Snake Pit)
 41131 | Swamp:5  | Paralysed by a sphinx for 7 turns
 41319 | Swamp:5  | Paralysed by a sphinx for 7 turns
 41717 | Swamp:5  | HP: 10/139 [the 27-headed Lernaean hydra (11)]
 42683 | Swamp:4  | Received a gift from Okawaru
 43141 | Lair:3   | Upgraded the game from 0.14.1-1-g650416f to 0.14.1-2-gf595e19
 43272 | D:12     | Noticed Nessos
 43449 | D:12     | Killed Nessos
 43980 | D:12     | Reached skill level 15 in Axes
 44242 | D:12     | Gained mutation: You emit a foul stench, and are resistant to rotting and decay. [demonic ancestry]
 44242 | D:12     | Reached XP level 17. HP: 145/145 MP: 30/30
 44360 | D:12     | Reached skill level 11 in Dodging
 44766 | D:13     | Reached skill level 1 in Summonings
 45032 | D:13     | Received a gift from Okawaru
 45361 | D:13     | Noticed Harold
 45376 | D:13     | Killed Harold
 45644 | D:13     | Reached skill level 2 in Summonings
 45913 | D:14     | Found a portal to a secret trove of treasure.
 46171 | D:14     | Found a gate to the Vaults.
 46247 | D:14     | Paralysed by a giant eyeball for 3 turns
 46444 | D:14     | Reached skill level 3 in Summonings
 46709 | D:15     | Entered Level 15 of the Dungeon
 47799 | D:15     | Reached skill level 4 in Summonings
 47803 | D:15     | Received a gift from Okawaru
 48041 | D:15     | Found a staircase to the Depths.
 48658 | Snake:1  | Killed Asterion
 48930 | Snake:3  | Killed Wiglaf
 49047 | Snake:3  | Reached skill level 17 in Fighting
 49604 | Snake:3  | Got a slimy trident
 49666 | Snake:3  | Noticed Aizul
 49678 | Snake:3  | Killed Aizul
 49870 | Snake:3  | Identified the +11,+6 trident of Dishonour {elec, rPois rF++ Dex+4 SInv} (You found it on level 3 of the Snake Pit)
 50007 | Snake:3  | Noticed Mara
 50012 | Snake:3  | Noticed Faulk's illusion
 50014 | Snake:3  | Reached skill level 5 in Summonings
 50775 | Snake:4  | Reached skill level 4 in Polearms
 51441 | Snake:4  | Reached skill level 5 in Polearms
 51523 | Snake:4  | Reached skill level 6 in Shields
 52200 | Snake:5  | Entered Level 5 of the Snake Pit
 52568 | Snake:5  | Reached skill level 6 in Polearms
 52576 | Snake:5  | Reached XP level 18. HP: 155/155 MP: 31/31
 52952 | Snake:5  | Received a gift from Okawaru
 52961 | Snake:5  | Got a polished ring mail {god gift}
 53191 | Snake:5  | Identified the +1 ring mail of Autumn {+Blink +Rage Stlth+} (Okawaru gifted it to you on level 5 of the Snake Pit)
 53265 | Snake:5  | Noticed Norris
 53425 | Lair:3   | Upgraded the game from 0.14.1-2-gf595e19 to 0.14.1-3-gd16b60d
 53592 | Orc:1    | Entered Level 1 of the Orcish Mines
 53944 | Orc:1    | Found Cudwenid's Weapon Shop.
 53979 | Orc:1    | Found a burning altar of Makhleb.
 54323 | Orc:2    | Noticed Erica
 54338 | Orc:2    | Killed Erica
 54398 | Orc:2    | Noticed Nergalle
 54411 | Orc:2    | Killed Nergalle
 54512 | Orc:3    | Found Zaaced's Antique Armour Emporium.
 54546 | Orc:2    | Found Skaeqoit's Magic Scroll Boutique.
 54550 | Orc:2    | Paralysed by an orc sorcerer for 7 turns
 54558 | Orc:2    | Reached skill level 7 in Polearms
 54596 | Orc:2    | Reached skill level 7 in Shields
 54600 | Orc:2    | Found a flagged portal.
 54673 | Bailey   | Entered a bailey
 55111 | Orc:2    | Bought a scroll of teleportation for 39 gold pieces
 55391 | Orc:3    | Found a staircase to the Elven Halls.
 56000 | Orc:4    | Entered Level 4 of the Orcish Mines
 56320 | Orc:4    | Found a flickering gateway to a bazaar.
 56326 | Bazaar   | Entered a bazaar
 56339 | Bazaar   | Found Uraeg's Gadget Emporium.
 56339 | Bazaar   | Found Thomor's General Store.
 56375 | Bazaar   | Found Timaitisi's Antique Armour Shoppe.
 56375 | Bazaar   | Found Tiddig's Gadget Shoppe.
 56456 | Bazaar   | Bought a warped troll leather armour for 400 gold pieces
 56456 | Bazaar   | Bought a dazzling ring mail for 180 gold pieces
 56488 | Bazaar   | Bought a wand of paralysis (12) for 182 gold pieces
 56488 | Bazaar   | Bought a wand of enslavement (7) for 117 gold pieces
 56503 | Bazaar   | Bought a plain deck of changes for 126 gold pieces
 56614 | Orc:2    | Bought a scroll of identify for 26 gold pieces
 56614 | Orc:2    | Bought a scroll of silence for 97 gold pieces
 56614 | Orc:2    | Bought 3 scrolls of identify for 78 gold pieces
 56642 | Orc:2    | Identified the cursed -4 troll leather armour of Insecurity {Dex+4} (You bought it in a shop in a bazaar)
 56643 | Orc:2    | Identified the +6 ring mail of Kedwug {rC+ MR+ Acc+3} (You bought it in a shop in a bazaar)
 57701 | Orc:4    | Reached skill level 8 in Polearms
 58207 | Orc:4    | Noticed Urug
 58218 | Orc:4    | Killed Urug
 58459 | Orc:4    | Found Uzustron's General Store.
 58461 | Orc:4    | Found Crefuikh's Book Shoppe.
 58463 | Orc:4    | Found Oriusah's Antique Armour Shoppe.
 58463 | Orc:4    | Found Kluoten's Antique Weapon Emporium.
 58481 | Orc:4    | Bought a pair of runed gloves for 94 gold pieces
 58504 | Orc:4    | Bought a dazzling scale mail for 189 gold pieces
 58505 | Orc:4    | Identified the cursed -6 scale mail "Ghosecs" {+Blink rPois rN+ MR+} (You bought it in a shop on level 4 of the Orcish Mines)
 58513 | Orc:4    | Bought the +9,+6 lance "Wyrmbane" {slay drac, +Rage rPois rF+ AC+5} for 2047 gold pieces
 58514 | Orc:4    | Upgraded the game from 0.14.1-3-gd16b60d to 0.14.1-9-g552248a
 58637 | Elf:1    | Entered Level 1 of the Elven Halls
 59060 | Snake:5  | Paralysed by Norris for 2 turns
 59074 | Snake:5  | Killed Norris
 59383 | Snake:5  | Reached skill level 8 in Shields
 59390 | Snake:5  | Reached skill level 9 in Polearms
 59762 | Snake:5  | Received a gift from Okawaru
 59763 | Snake:5  | Got a crude sling {god gift}
 59780 | Snake:5  | Reached skill level 18 in Fighting
 60813 | Snake:5  | Reached skill level 10 in Polearms
 61341 | Snake:5  | Upgraded the game from 0.14.1-9-g552248a to 0.14.2
 61502 | Snake:5  | Received a gift from Okawaru
 61511 | Snake:5  | Reached skill level 9 in Shields
 62112 | Snake:5  | Reached XP level 19. HP: 152/164 MP: 32/32
 62558 | Snake:5  | Reached skill level 11 in Polearms
 62916 | Snake:5  | Received a gift from Okawaru
 62923 | Snake:5  | Got a serpentine rune of Zot
 64523 | Swamp:3  | HP: 13/165 [the 27-headed Lernaean hydra (5)]
 64523 | Swamp:3  | HP: 6/165 [the 27-headed Lernaean hydra (2)]
 64523 | Swamp:3  | HP: 1/165 [the 27-headed Lernaean hydra (5)]
 64523 | Swamp:3  | Slain by the 27-headed Lernaean hydra

Vanquished Creatures
  Norris (Snake:5)
  Asterion (Snake:1)
  Vashnia (Snake:3)
  Rupert (Lair:3)
  Frances (Snake:1)
  3 thorn hunters
  15 greater nagas
  Wiglaf (Snake:3)
  2 orc warlords
  Aizul (Snake:3)
  2 dire elephants (Lair:8)
  Harold (D:13)
  An ice dragon (Lair:8)
  13 naga warriors
  Nessos (D:12)
  17 hydras
  4 shambling mangroves (Swamp:4)
  Erica (Orc:2)
  2 ogre magi
  A ravenous item mimic (Snake:4)
  23 anacondas
  8 death yaks
  4 alligators
  6 shock serpents
  4 orc high priests (Orc:4)
  14 naga sharpshooters
  Urug (Orc:4)
  3 centaur warriors
  Nergalle (Orc:2)
  10 spriggans
  2 salamander mystics
  A catoblepas (Lair:8)
  2 very ugly things (D:15)
  11 hill giants
  3 spriggan druids
  8 naga ritualists
  A giant orange brain (D:15)
  3 unseen horrors
  4 orc knights (Orc:4)
  14 swamp dragons
  A necromancer (D:14)
  A manticore (D:13)
  5 orc sorcerers
  3 cyclopes
  2 griffons
  45 black mambas
  12 mana vipers
  31 elephants
  9 salamanders
  2 red wasps
  20 naga magi
  A gargoyle (D:12)
  13 guardian serpents
  19 spiny frogs
  A feature mimic (Lair:8)
  2 fire drakes (shapeshifter) (D:15)
  2 deep elf priests (D:15)
  3 fire drakes
  4 yaktaurs (D:15)
  Grinder (D:4)
  4 polar bears
  12 komodo dragons
  A queen bee (Lair:4)
  5 trolls
  A jumping spider (shapeshifter) (D:15)
  9 two-headed ogres
  7 giant fireflies
  25 slime creatures
  Prince Ribbit (Lair:3)
  7 giant leeches
  15 ravens
  9 bog bodies
  11 blink frogs
  A catoblepas skeleton (D:10)
  A basilisk (D:13)
  A grizzly bear (Lair:3)
  A vampire (D:14)
  2 trapdoor spiders
  5 thorn lotuses
  6 shadows
  2 trapdoor spiders (shapeshifter) (D:15)
  4 sharks
  7 deep elf magi
  3 wraiths (D:13)
  25 ugly things
  54 yaks
  22 vampire mosquitoes
  5 wyverns
  16 hippogriffs
  4 hogs
  Grum (D:8)
  4 hungry ghosts
  A deep elf fighter (D:15)
  2 wargs
  Edmund (D:4)
  8 porcupines
  47 nagas
  22 wolves
  43 water moccasins
  22 swamp worms
  A mottled dragon (D:13)
  A black bear (D:6)
  20 ogres
  45 orc warriors
  A necrophage (D:13)
  3 phantoms
  11 swamp drakes
  7 ice beasts
  3 sky beasts
  7 yellow wasps
  2 giant goldfish (Swamp:3)
  Sigmund (D:3)
  14 centaurs
  16 crocodiles
  A yaktaur zombie (D:14)
  A brain worm (D:15)
  4 giant slugs
  24 giant frogs
  Blork the orc (D:5)
  A gnoll sergeant (D:6)
  7 insubstantial wisps (Swamp:2)
  A boulder beetle zombie (D:15)
  25 killer bees
  2 scorpions
  A tengu skeleton (D:15)
  A troll skeleton (D:10)
  2 electric eels (Lair:8)
  6 goliath beetles
  2 giant frog zombies (D:12)
  34 orc priests
  8 crimson imps
  9 wights
  An iron imp (Lair:5)
  A two-headed ogre zombie (D:14)
  13 hounds
  7 jellies
  A quasit (D:12)
  2 centaur zombies
  14 iguanas
  2 big fish
  2 centaur skeletons
  39 orc wizards
  10 worker ants
  12 sheep (Lair:8)
  An ogre zombie (D:9)
  Ijyb (D:4)
  2 mummies
  2 hound skeletons (D:9)
  A worker ant zombie (D:11)
  36 adders
  16 gnolls
  79 green rats
  4 shadow imps
  3 orc skeletons
  13 giant mites
  4 worms
  An iguana zombie (D:8)
  2 orc zombies (Orc:4)
  2 iguana skeletons (D:7)
  4 giant eyeballs
  13 giant geckos
  2 oozes
  248 orcs
  23 ball pythons
  17 bats
  17 giant cockroaches
  20 hobgoblins
  36 jackals
  20 giant newts
  28 goblins
  A hobgoblin skeleton (D:8)
  41 kobolds
  18 quokkas
  A quokka skeleton (D:7)
  16 rats
  A rat skeleton (D:4)
  A ballistomycete (D:12)
  5 briar patches
  24 fungi
  11 plants
1867 creatures vanquished.

Vanquished Creatures (collateral kills)
  A tentacled monstrosity (Swamp:4)
  A greater naga (Snake:5)
  An anaconda (Snake:4)
  3 hydras
  A naga ritualist (Snake:1)
  A griffon (D:9)
  2 elephants
  A naga mage (Snake:5)
  4 spiny frogs
  2 black mambas
  A yaktaur (D:15)
  2 giant fireflies
  A komodo dragon (Lair:1)
  5 blink frogs
  A basilisk (Lair:1)
  2 yaks
  A wyvern (D:15)
  A hog (Swamp:5)
  A naga (Snake:5)
  2 wolves
  An ice beast (D:7)
  A black bear (D:8)
  2 centaurs
  A big kobold (D:10)
  2 killer bees (Lair:4)
  An orc wizard (Orc:2)
  A gnoll (D:6)
  A green rat (Lair:8)
  An ufetubus (Swamp:5)
  3 orcs
  A bat (D:8)
  A giant newt (Lair:3)
  A goblin (Orc:2)
  A goblin skeleton (D:4)
  2 jackals (D:3)
  A rat (Lair:4)
55 creatures vanquished.

Vanquished Creatures (others)
  A naga warrior (Snake:5)
  An anaconda (Snake:5)
  A deep elf conjurer (Elf:1)
  A mana viper (Snake:4)
  A guardian serpent (Snake:5)
  A naga mage (Snake:5)
  A black mamba (Snake:5)
  A raven (Swamp:3)
  5 slime creatures (Swamp:5)
  A bog body (Swamp:5)
  A water elemental (Swamp:5)
  4 nagas (Snake:5)
  2 water moccasins
  A giant frog (Swamp:5)
  47 crimson imps
  An orc priest (Orc:2)
  53 iron imps
  49 quasits
  An orc wizard (Orc:2)
  58 white imps
  72 ufetubi
  2 giant spores
  A ballistomycete (D:9)
  3 briar patches
  2 bushes (Lair:8)
  10 fungi
  15 plants
336 creatures vanquished.

Grand Total: 2258 creatures vanquished
